Meike, neutral female human Tourist --- ------------------ --- --- --.| |................|--------------|.-- --.-- --- -- --..| |....(...........|*..|..|...|[..|..| ----|...| --<--- |.- |...| +..--|--......**.|.?)|..|...|...|..| |..--..- |....-- .. |-..| |..|...|..-----*.|(.(|..|-|---|--..| ---......-- --....--- ..- |...-----..|...|--|.(.|..--|---|-.........-- |.........| |......-- ..---.........|...| |((.-............[-----..| ------.--..|..-- ----....| ..---........|---|..|...|......--+-...| |..|--.--...|---|..| --.).-- -.....----...|(((||------..{...| |...-.. |..||.....--- ---- |...[----|.....| +...|.(.|.............| |...|...|..||.....| ---..).|.|.....| |...|...|-+-.....---|-------------.-||-....-- -- -- --------..........----(..--|-| |..-|-|...........(?.....||......--.-- |......................|........| |..|..|----...u---------.--.|........| |..................(...|..#.....----..|..|(.@-a...|......||....|.>.....-- --.... ----............|-....{.....(..|..|..%|)...@d..._.||..--.......-- |.. |............--..|....#.....--------..uu|...@..||..--.....--- -- ----.............|-.....................----------.......-- |....|...---..-----------------.----..| |...*.....| --.----.-- ....| --- ---- ---.......| --- --- --.--- --..|.--- --- ------ Meike the Excursionist Experience level: 7 Strength: 18/01 Dexterity: 11 Constitution: 16 Intelligence: 12 Wisdom: 9 Charisma: 13 Health: 0(55) Energy: 37(37) Def: 11 Gold: 2009 Moves: 7786 Dungeon seed: _oGl9sDudRIeKwvh Game ID: Meike_1548075360 Your Inventory: Coins $ - 2009 gold pieces Weapons a - 14 +2 darts b - a burnt +1 elven dagger t - 4 +1 daggers v - the rustproof +0 Vorpal Blade (weapon in hand) w - 7 +0 shuriken E - a cursed +0 dwarvish short sword F - a cursed +0 katana O - 9 cursed -1 darts S - 34 +0 darts (in quiver) U - a +0 axe W - a +1 dwarvish short sword Armor e - an uncursed +0 Hawaiian shirt (being worn) f - a cursed -1 dwarvish iron helm k - an uncursed +0 pair of iron shoes q - an uncursed +0 dwarvish cloak (being worn) r - an uncursed +0 mummy wrapping u - an uncursed +0 dwarvish cloak y - an uncursed +2 dwarvish cloak z - an uncursed +0 dwarvish mithril-coat (being worn) G - an uncursed +0 pair of iron shoes N - an uncursed +0 dwarvish iron helm (being worn) Q - an uncursed +1 pair of iron shoes (being worn) R - an uncursed +0 dwarvish cloak Z - a cursed -3 dwarvish cloak Comestibles d - 3 uncursed food rations h - 2 uncursed slime molds o - an uncursed carrot D - 2 uncursed oranges H - an uncursed cram ration Scrolls g - a cursed scroll of identify x - an uncursed scroll of remove curse Rings c - a cursed ring of teleportation A - a cursed ring of free action X - an uncursed ring of warning Wands s - a cursed wand of make invisible (0:5) K - a wand of probing (0:4) L - a cursed wand of light (0:13) M - a wand of striking (0:4) P - a wand of teleportation (0:2) Tools i - 3 uncursed tallow candles (0:200) j - 7 uncursed tallow candles (0:200) l - a blessed magic lamp (lit) m - an uncursed magic whistle n - an uncursed credit card p - 2 uncursed wax candles (0:400) B - an uncursed blindfold C - a cursed lock pick I - a bag of tricks (0:12) J - an expensive camera (0:43) T - a cursed tallow candle (0:200) V - a magic marker (0:88) Gems Y - 2 uncursed worthless pieces of green glass Spells and supernatural/magical abilities: Name Level Category Fail Memory W - pray for help -- divine ? -- Your skills at the end: Fighting Skills Weapon Skills dagger [Basic] dart [Basic] Spellcasting Skills Final Attributes: You were piously aligned. You were telepathic. You were lucky. You are dead. Vanquished creatures: a large mimic a leather golem a giant beetle a giant spider a black light an orc mummy a dwarf lord 2 ravens a wood nymph a yellow light a violet fungus 8 gnome lords 2 gnomish wizards a red naga hatchling a black naga hatchling 3 elf zombies a paper golem a floating eye 2 kittens 9 dwarves 2 homunculi 2 rothes a giant bat 3 orc zombies a dwarf zombie an iguana 16 killer bees an acid blob a gas spore 3 hobbits 2 large kobolds 2 giant rats 5 cave spiders 2 yellow molds a green mold a red mold 26 gnomes a garter snake 7 geckos 12 jackals 5 foxes a kobold 3 goblins 4 sewer rats 9 grid bugs 6 lichens 4 kobold zombies 12 newts 174 creatures vanquished. Voluntary challenges: You used a wielded weapon 168 times, starting on turn 2275. You read items or engraved 5 times, starting on turn 6504. You never genocided any monsters. You never polymorphed an object. You never changed form. You used no wishes. You never split a pudding. You never wrote Elbereth's name. You never violated your personal moral code. Dungeon overview: The Dungeons of Doom: levels 1 to 6 Level 1 an altar to Offler, some fountains a long staircase Level 2 a potion shop, a fountain Level 3 a general store stairs to The Gnomish Mines Level 4 a fountain Level 5 Level 6 a fountain The Gnomish Mines: levels 4 to 7 Level 4 stairs to The Dungeons of Doom Level 5 Level 6 <- You were here many shops, a temple to The Lady, some fountains, some trees Level 7 History has recorded: On T:1 you entered the Dungeons of Doom to retrieve the Amulet of Yendor! On T:451 you reached level 2 of The Dungeons of Doom. On T:876 you advanced to experience level 2. On T:1281 you advanced to experience level 3. On T:1324 you reached level 3 of The Dungeons of Doom. On T:1919 you reached level 4 of The Dungeons of Doom. On T:2368 you reached level 5 of The Dungeons of Doom. On T:2435 you advanced to experience level 4. On T:3054 you reached level 6 of The Dungeons of Doom. On T:3575 you reached level 1 of The Gnomish Mines. On T:3805 you advanced to experience level 5. On T:4135 you reached level 2 of The Gnomish Mines. On T:5031 you advanced to experience level 6. On T:5169 you reached level 3 of The Gnomish Mines. On T:5423 you advanced to experience level 7. On T:7099 you reached level 4 of The Gnomish Mines. On T:7683 you received Vorpal Blade from The Lady. Score breakdown: Gold: 1724 (11010 points) Experience: 7 levels (13645 points) Exploration: 7 levels ( 15.22%) (10954 points) Discoveries: 40 items ( 13.42%) (10991 points) Valuables value: (no points given unless you survive) Artifact value: 4000 (12253 points) Variety of kills: 48 monsters ( 12.60%) (10648 points) Turncount: 7786 turns (-2008 points) Survival: died (score multiplied by 80%) Total score: 53994 Latest messages: The priest of The Lady intones: "Pilgrim, you enter a sacred place!" You experience a strange sense of peace. Snert picks up a worthless piece of orange glass. Snert drops a worthless piece of orange glass. The dart hits the fire ant! Snert picks up a worthless piece of orange glass. Snert drops a worthless piece of orange glass. You stop waiting. You hear some noises in the distance. The dart hits the fire ant. The dart misses the fire ant. Snert picks up a worthless piece of orange glass. The black unicorn butts! The black unicorn kicks! The black unicorn butts! The black unicorn kicks! The black unicorn butts! You die... Final status: Aloha Meike the Tourist, killed by a black unicorn... You died in The Gnomish Mines on dungeon level 6 with 53994 points, and 2009 pieces of gold, after 7786 moves. You were level 7 with a maximum of 55 hit points when you died.